 Dungeon Crawl Stone Soup version 0.24.0-41-g2ae2f7f1be (webtiles) character file.

Game seed: 918950692219829923, levelgen mode: deterministic

29521 Delamore the Severer (level 13, -5/123 HPs)
             Began as a Hill Orc Fighter on Dec 14, 2019.
             Was the Champion of Okawaru.
             Slain by Rupert
             ... wielding a +6 great sword of distortion
              (14 damage)
             ... on level 1 of the Orcish Mines.
             The game lasted 00:26:41 (12660 turns).

Delamore the Severer (Hill Orc Fighter)            Turns: 12660, Time: 00:26:41

Health: -5/123     AC: 27    Str: 23    XL:     13   Next: 45%
Magic:  12/13      EV:  7    Int:  8    God:    Okawaru [******]
Gold:   587        SH: 10    Dex: 14    Spells: 12/12 levels left

rFire    + . .     SeeInvis +   R - +8 hand axe of the Gloaming {chop, rElec rC+ SInv}
rCold    + + .     Gourm    .   c - +0 shield
rNeg     + + .     Faith    +   A - +7 plate armour of Boiling Hail {rN+ Str-5 Dex+3 Slay+6}
rPois    .         Spirit   .   H - +2 helmet of the Sturgeon {rN+}
rElec    +         Reflect  .   n - scarf {rC+ rF+}
rCorr    .         Harm     .   m - +0 pair of gloves
MR       +....                  J - +0 pair of boots
Stlth    ..........             x - amulet of faith (curse)
HPRegen  0.30/turn              o - ring of protection from magic
MPRegen  0.13/turn              G - +3 ring of evasion

@: mighty
A: no striking features
a: Heroism, Finesse, Renounce Religion


You were on level 1 of the Orcish Mines.
You worshipped Okawaru.
Okawaru was exalted by your worship.
You were near starving.

You visited 3 branches of the dungeon, and saw 13 of its levels.

You collected 1211 gold pieces.
You spent 624 gold pieces at shops.

Inventory:

Hand Weapons
 b - a +1 battleaxe of chopping
 g - a +1 battleaxe of electrocution
 i - the +1 broad axe of Siqih {flame, Int+3}
   (Okawaru gifted it to you on level 2 of the Orcish Mines)

   It has been specially enchanted to burn those struck by it, causing extra
   injury to most foes and up to half again as much damage against particularly
   susceptible opponents.
   Big, fiery blades are also staple armaments of hydra-hunters.
   It affects your intelligence (+3).
 j - a +1 executioner's axe of electrocution
 R - the +8 hand axe of the Gloaming (weapon) {chop, rElec rC+ SInv}
   (You bought it in a shop on level 1 of the Orcish Mines)

   It inflicts extra damage upon your enemies.
   It protects you from cold.
   It insulates you from electricity.
   It lets you see invisible.
Missiles
 k - 2 datura-tipped darts
 l - 5 atropa-tipped darts (quivered)
 P - 5 silver javelins
Armour
 c - a +0 shield (worn)
 m - a +0 pair of gloves (worn)
 n - a scarf of resistance (worn)
 A - the +7 plate armour of Boiling Hail (worn) {rN+ Str-5 Dex+3 Slay+6}
   (You took it off an orc warrior on level 4 of the Dungeon)

   It affects your strength (-5).
   It affects your dexterity (+3).
   It affects your accuracy and damage with ranged weapons and melee attacks
   (+6).
   It protects you from negative energy.
 H - the +2 helmet of the Sturgeon (worn) {rN+}
   (You bought it in a shop on level 6 of the Dungeon)

   It protects you from negative energy.
 J - a +0 pair of boots (worn)
Jewellery
 o - a ring of protection from magic (left hand)
 r - an uncursed ring of resist corrosion
 w - an uncursed ring of protection from fire
 x - a cursed amulet of faith (around neck)
 G - a +3 ring of evasion (right hand)
Wands
 a - a wand of disintegration (13)
 y - a wand of polymorph (13)
 E - a wand of acid (6)
 L - a wand of digging (3)
Scrolls
 q - 3 scrolls of remove curse
 s - 3 scrolls of magic mapping
 u - 3 scrolls of amnesia
 B - a scroll of enchant armour {unknown}
 F - a scroll of enchant weapon {unknown}
 M - a scroll of vulnerability {unknown}
 N - a scroll of fear {unknown}
 O - a scroll of fog {unknown}
 Q - 2 scrolls of immolation {unknown}
Potions
 e - 2 potions of ambrosia
 p - a potion of brilliance
 v - 2 potions of resistance
 z - a potion of lignification
 C - 2 potions of agility
Miscellaneous
 K - a lamp of fire
Comestibles
 f - 17 rations


   Skills:
 + Level 13.8 Fighting
 - Level 20.8 Axes
 + Level 9.2 Armour
 - Level 3.2 Shields


You had 12 spell levels left.
You didn't know any spells.
Your spell library contained the following spells:

 Spells                   Type           Power        Failure   Level  Hunger
 Animate Skeleton         Necr           N/A          100%        1    ##.....
 Confusing Touch          Hex            #.....       100%        1    ##.....
 Pain                     Necr           #...         100%        1    ##.....
 Poisonous Vapours        Pois/Air       #.....       100%        2    ###....
 Confuse                  Hex            #.......     100%        3    ####...
 Conjure Flame            Conj/Fire      #.......     100%        3    ####...
 Gell's Gravitas          Tloc           #.........   100%        3    ####...
 Mephitic Cloud           Conj/Pois/Air  #.......     100%        3    ####...
 Regeneration             Chrm/Necr      #.........   100%        3    ####...
 Vampiric Draining        Necr           #.........   100%        3    ####...
 Animate Dead             Necr           N/A          100%        4    #####..
 Petrify                  Tmut/Erth      #.......     100%        4    #####..
 Metabolic Englaciation   Hex/Ice        #.........   100%        5    ######.
 Yara's Violent Unravell  Hex/Tmut       #.........   100%        5    ######.
 Freezing Cloud           Conj/Ice/Air   #.........   100%        6    #######
 Ring of Flames           Chrm/Fire      #.........   100%        7    #######


Dungeon Overview and Level Annotations

Branches:
Dungeon (10/15)            Temple (1/1) D:5             Orc (2/2) D:10
    Elf (0/3) Orc:2
   Lair: D:8-11

Altars:
Ashenzari
Cheibriados
Dithmenos
Elyvilon
Fedhas
Gozag
Hepliaklqana
Kikubaaqudgha
Makhleb
Nemelex Xobeh
Okawaru
Qazlal
Ru
Sif Muna
Trog
Uskayaw
Vehumet
Wu Jian
Xom
Yredelemnul
Zin
The Shining One
Beogh

Shops:
D:5 !   D:6 [*(   Orc:1 ([%*   Orc:2 [=?*

Annotations:
Orc:1 Rupert


Message History

Okay, then.
You are too injured to fight recklessly!
You feel very mighty all of a sudden. You block Rupert's attack.
You closely miss Rupert.
Rupert is severely wounded.
Rupert hits you but does no damage. Space warps horribly around you!
* * * LOW HITPOINT WARNING * * *
Press: ? - help, v - describe, . - travel
Here: Rupert, wielding a +6 great sword of distortion and wearing a +3 leather armour of fire resistance (heavily wounded, berserk, fast, unusually strong)
The floor, spattered with blood.
Press: ? - help, v - describe, . - travel
Here: Rupert, wielding a +6 great sword of distortion and wearing a +3 leather armour of fire resistance (heavily wounded, berserk, fast, unusually strong)
The floor, spattered with blood.
Okay, then.
Okay, then.
As you read the scroll labeled FILAPL JUGRUSE, it crumbles to dust.
Wisps of shadow whirl around you...
It was a scroll of summoning.
Rupert hits you with a +6 great sword of distortion!
You die...

###....###)).......##
###.....>....##...####
#....).)...###...#.## ##
##........#.###.#...###.
#.....##....#####.##...
#....#####.###....#....
####.......####.......#.##
##........[[..###.......###
#.....)).O@[O..##...#.....#
####.#...[[#@.........##...##
##.#.#....###.........###.....
#.........###.......#######...
##.......###..........##......
#####....##>)........#.......
###...#.)..............##
#.......#..##..........#
##.....#####..........##


You could see Rupert (berserk), a friendly two-headed ogre and a friendly ogre.

Vanquished Creatures
  2 centaur warriors (D:9)
  14 two-headed ogres
  4 ogre magi (Orc:2)
  The ghost of jaiteiro the Grappler, a novice DrTm of the Shining One (D:8)
  An orc knight (Orc:1)
  2 orc sorcerers (Orc:1)
  An ugly thing (D:9)
  The ghost of PentaManta the Cudgeler, a novice GrMo of Okawaru (D:6)
  The ghost of Ponchio the Geomancer, a novice GrEE (D:4)
  4 trolls
  Prince Ribbit (D:5)
  A hippogriff (D:10)
  Sigmund (D:4)
  A wraith (D:9)
  A wyvern (shapeshifter) (D:9)
  10 yaks
  A hungry ghost (D:10)
  A warg (Orc:1)
  Menkaure (D:7)
  5 soldier ants (D:8)
  2 water moccasins (D:8)
  10 orc warriors
  4 ice beasts
  5 sky beasts
  A black bear (D:9)
  2 necrophages (D:9)
  2 phantoms (D:5)
  29 ogres
  4 centaurs
  3 big kobolds (D:10)
  8 bullfrogs
  5 gnoll sergeants (D:10)
  A wyvern zombie (D:7)
  A water moccasin skeleton (D:8)
  6 scorpions
  6 wights (D:6)
  13 killer bees (D:8)
  3 howler monkeys
  7 crimson imps
  A bullfrog zombie (D:8)
  5 hounds
  3 jellies
  11 orc priests
  2 bullfrog skeletons
  3 centaur skeletons
  A gnoll shaman (D:6)
  4 iguanas
  16 orc wizards
  12 worker ants
  2 hound skeletons
  A worker ant zombie (D:10)
  11 gnolls
  16 adders
  An adder zombie (D:7)
  An adder skeleton (D:6)
  A worm (D:6)
  3 dart slugs
  6 leopard geckos
  81 orcs
  4 ball pythons
  11 bats
  6 giant cockroaches
  10 goblins
  6 hobgoblins
  4 jackals (D:4)
  5 kobolds
  2 quokkas
  A ball python skeleton (D:4)
  12 frilled lizards
  2 quokka skeletons
  7 rats
  2 plants (D:9)
419 creatures vanquished.

Notes
Turn   | Place    | Note
-------+----------+-------------------------------------------
     0 | D:1      | Delamore the Hill Orc Fighter began the quest for the Orb.
     0 | D:1      | Reached XP level 1. HP: 19/19 MP: 1/1
    45 | D:1      | Reached skill level 3 in Axes
   167 | D:1      | Reached XP level 2. HP: 26/26 MP: 2/2
   235 | D:1      | Reached skill level 4 in Axes
   256 | D:1      | Reached XP level 3. HP: 24/31 MP: 3/3
   570 | D:2      | Reached skill level 5 in Axes
   662 | D:2      | Reached XP level 4. HP: 2/39 MP: 4/4
   667 | D:2      | HP: 1/39 [poisoned by an adder]
  1155 | D:2      | Reached skill level 6 in Axes
  1266 | D:3      | Found an ornate altar of the Wu Jian Council.
  1435 | D:3      | Found a faded altar of an unknown god.
  1477 | D:3      | Noticed an ice beast
  1482 | D:3      | Reached XP level 5. HP: 35/45 MP: 5/5
  1493 | D:3      | Killed an ice beast
  1493 | D:3      | Reached skill level 7 in Axes
  1530 | D:3      | Became a worshipper of Sif Muna the Loreminder
  1530 | D:3      | Reached * piety under Sif Muna
  1675 | D:3      | Reached skill level 8 in Axes
  1675 | D:3      | Reached XP level 6. HP: 46/51 MP: 6/6
  1882 | D:4      | Reached ** piety under Sif Muna
  1907 | D:4      | Reached skill level 9 in Axes
  2067 | D:4      | Noticed Sigmund
  2085 | D:4      | Killed Sigmund
  2085 | D:4      | Reached skill level 10 in Axes
  2085 | D:4      | Reached XP level 7. HP: 43/57 MP: 7/7
  2646 | D:4      | Reached skill level 11 in Axes
  3012 | D:4      | Found a runed translucent gate.
  3037 | D:4      | Found a runed translucent gate.
  3037 | D:4      | Found a runed translucent gate.
  3038 | D:4      | Noticed Ponchio's ghost (novice GrEE)
  3038 | D:4      | Identified the +2 morningstar of Dugottor {protect, Int+3}
  3038 | D:4      | Identified the +7 plate armour of Boiling Hail {rN+ Str-5
                  | Dex+3 Slay+6}
  3043 | D:4      | Identified the +8 hunting sling of Blood {venom, Dex+3}
  3072 | D:4      | Found a roughly hewn altar of Beogh.
  3342 | D:5      | Entered Level 5 of the Dungeon
  3344 | D:5      | Found a glowing silver altar of Zin.
  3393 | D:5      | Noticed Prince Ribbit
  3402 | D:5      | Found a staircase to the Ecumenical Temple.
  3445 | Temple   | Entered the Ecumenical Temple
  3713 | Temple   | Fell from the grace of Sif Muna
  3713 | Temple   | Became a worshipper of Warmaster Okawaru
  3755 | D:5      | Killed Prince Ribbit
  3755 | D:5      | Reached XP level 8. HP: 56/67 MP: 8/8
  3830 | D:5      | Reached skill level 5 in Fighting
  3901 | D:5      | Reached skill level 12 in Axes
  3908 | D:5      | Reached * piety under Okawaru
  4109 | D:5      | Found Fyawougyt's Distillery.
  4114 | D:5      | Bought a potion of curing for 42 gold pieces
  4114 | D:5      | Bought a potion of might for 56 gold pieces
  4114 | D:5      | Bought a potion of heal wounds for 70 gold pieces
  4363 | D:6      | Found a runed translucent gate.
  4364 | D:6      | Found a runed translucent gate.
  4366 | D:6      | Found a runed translucent gate.
  4368 | D:6      | Noticed PentaManta's ghost (novice GrMo)
  4398 | D:6      | Found Umose Osti's Antique Armour Shoppe.
  4463 | D:6      | Reached XP level 9. HP: 37/79 MP: 9/9
  4744 | D:6      | Reached skill level 13 in Axes
  4772 | D:6      | Reached ** piety under Okawaru
  4783 | D:6      | Found Aklik's Assorted Antiques.
  4984 | D:6      | You fall into a shaft and drop 2 floors!
  4992 | D:8      | Reached skill level 14 in Axes
  5281 | D:8      | Found Beukh's Elemental Accessories.
  5301 | D:8      | Found a runed translucent door.
  5306 | D:8      | Found the +9 staff of Olgreb {rPois}
  5481 | D:6      | Reached skill level 15 in Axes
  5483 | D:6      | Reached *** piety under Okawaru
  5499 | D:6      | Found Diutoo's Weapon Shop.
  5933 | D:6      | Bought a brightly glowing helmet for 256 gold pieces
  5938 | D:6      | Reached XP level 10. HP: 86/86 MP: 10/10
  5949 | D:6      | Identified the +2 helmet of the Sturgeon {rN+} (You bought
                  | it in a shop on level 6 of the Dungeon)
  6167 | D:7      | Noticed Menkaure
  6172 | D:7      | Killed Menkaure
  6172 | D:7      | Reached skill level 16 in Axes
  6603 | D:7      | Reached **** piety under Okawaru
  6881 | D:8      | Noticed a two-headed ogre
  6894 | D:8      | Killed a two-headed ogre
  6894 | D:8      | Reached skill level 17 in Axes
  7104 | D:8      | Found a runed translucent door.
  7115 | D:8      | Found a runed translucent gate.
  7115 | D:8      | Found a runed translucent gate.
  7116 | D:8      | Found a runed translucent door.
  7129 | D:8      | Found a runed translucent gate.
  7155 | D:8      | Reached ***** piety under Okawaru
  7196 | D:8      | Reached skill level 18 in Axes
  7665 | D:8      | Noticed jaiteiro's ghost (novice DrTm)
  7679 | D:8      | Killed jaiteiro's ghost
  7679 | D:8      | Reached XP level 11. HP: 84/92 MP: 8/11
  7815 | D:6      | Killed PentaManta's ghost
  7815 | D:6      | Reached skill level 19 in Axes
  8131 | D:4      | Killed Ponchio's ghost
  8565 | D:9      | Received a gift from Okawaru
  8568 | D:9      | Got a polished rapier {god gift}
  8571 | D:9      | Identified the +8 rapier of the Inferno {chaos, Dex+6 SInv}
                  | (Okawaru gifted it to you on level 9 of the Dungeon)
  9043 | D:9      | Noticed a red ugly thing
  9052 | D:9      | Killed a red ugly thing
  9078 | D:9      | Noticed a centaur warrior
  9078 | D:9      | Noticed a centaur warrior
  9090 | D:9      | Killed a centaur warrior
  9090 | D:9      | Reached skill level 20 in Axes
  9099 | D:9      | Killed a centaur warrior
  9432 | D:10     | Entered Level 10 of the Dungeon
  9436 | D:10     | Received a gift from Okawaru
  9473 | D:10     | Reached ****** piety under Okawaru
  9628 | D:10     | Reached XP level 12. HP: 102/106 MP: 12/12
  9670 | D:10     | Reached skill level 10 in Fighting
  9744 | D:10     | Found a staircase to the Orcish Mines.
 10223 | Orc:1    | Entered Level 1 of the Orcish Mines
 10224 | Orc:1    | Found Bouh's Armour Boutique.
 10237 | Orc:1    | Found Nylis's Antique Weapon Boutique.
 10252 | Orc:1    | Bought a translucent hand axe for 200 gold pieces
 10252 | Orc:1    | Identified the +8 hand axe of the Gloaming {chop, rElec rC+
                  | SInv} (You bought it in a shop on level 1 of the Orcish
                  | Mines)
 10449 | Orc:1    | Found Kamnofus's Food Shoppe.
 10459 | Orc:1    | Found Suumpal's Assorted Antiques.
 10740 | Orc:2    | Entered Level 2 of the Orcish Mines
 10753 | Orc:2    | Received a gift from Okawaru
 10809 | Orc:2    | Noticed Rupert
 10826 | Orc:2    | Found Epecraa's Jewellery Boutique.
 10826 | Orc:2    | Found Bigarr's Assorted Antiques.
 10826 | Orc:2    | Found Cukydus's Antique Armour Shoppe.
 10826 | Orc:2    | Found Tinyud's Magic Scroll Boutique.
 10826 | Orc:2    | Noticed a two-headed ogre
 10826 | Orc:2    | Noticed a two-headed ogre
 10826 | Orc:2    | Noticed an ogre mage
 10826 | Orc:2    | Noticed a two-headed ogre
 10826 | Orc:2    | Noticed a two-headed ogre
 10826 | Orc:2    | Noticed an ogre mage
 10826 | Orc:2    | Noticed a two-headed ogre
 10826 | Orc:2    | Noticed a two-headed ogre
 10827 | Orc:2    | Noticed a two-headed ogre
 10827 | Orc:2    | Noticed a two-headed ogre
 10827 | Orc:2    | Noticed a two-headed ogre
 10830 | Orc:2    | Noticed a two-headed ogre
 10833 | Orc:2    | Noticed an ogre mage
 10833 | Orc:2    | Noticed a two-headed ogre
 10833 | Orc:2    | Noticed a two-headed ogre
 10833 | Orc:2    | Noticed a two-headed ogre
 10833 | Orc:2    | Noticed a two-headed ogre
 10833 | Orc:2    | Noticed an ogre mage
 10839 | Orc:2    | Killed an ogre mage
 11161 | Orc:1    | Killed a two-headed ogre
 11161 | Orc:1    | Reached skill level 5 in Armour
 11182 | Orc:1    | Killed a two-headed ogre
 11198 | Orc:2    | Killed an ogre mage
 11204 | Orc:2    | Killed an ogre mage
 11204 | Orc:2    | Received a gift from Okawaru
 11282 | Orc:1    | Was forgiven by Sif Muna
 11423 | Orc:2    | Found a staircase to the Elven Halls.
 11428 | Orc:2    | Killed a two-headed ogre
 11434 | Orc:2    | Killed a two-headed ogre
 11439 | Orc:2    | Killed a two-headed ogre
 11439 | Orc:2    | Reached XP level 13. HP: 115/119 MP: 13/13
 11856 | Orc:2    | Received a gift from Okawaru
 11859 | Orc:2    | Got an ancient broad axe {god gift}
 11881 | Orc:1    | Identified the +1 broad axe of Siqih {flame, Int+3}
                  | (Okawaru gifted it to you on level 2 of the Orcish Mines)
 12148 | Orc:1    | Received a gift from Okawaru
 12660 | Orc:1    | Slain by Rupert

Levels and vault maps discovered:
D:1:      tarquinn_simple_flora_water_f, layout_rooms, minmay_stone_trees_small,
          serial_park_tiny_pond, hangedman_decor_peaks_small
D:2:      layout_rooms
D:3:      minmay_diamond_boxcup, layout_basic, old_standard_altar, first_ration,
          chequers_ecumenical_altar_grove
D:4:      layout_loops_ring, biasface_ghost_orc_armoury, hex_tiny,
          minmay_misc_feat_room, uniq_sigmund
D:5:      layout_basic, temple_statues, basic_altar, serial_shops,
          kennysheep_little_box, uniq_prince_ribbit1
D:6:      layout_basic, gammafunk_ghost_split, serial_shops,
          nicolae_shop_crystal, shop, shop, minmay_lizard_king
D:7:      layout_gridville, grunt_ogre_cave, uniq_menkaure
D:8:      layout_rooms, ebering_ghost_reflecting_pool, nicolae_elemental_shop,
          minmay_guarded_unrand_staff_of_olgreb
D:9:      layout_irregular_city, minmay_shattered_shrine
D:10:     layout_big_octagon, kennysheep_orc_monster_closet_entryway
Temple:   kilobyte_greek_temple
Orc:1:    layout_diamond_mine, serial_shops, nicolae_shop_trees, shop,
          nicolae_shop_trees, nicolae_shop_window_shopping
Orc:2:    st_orc_ogre_mass, layout_caves, abandoned_shop, uniq_rupert

Skill      XL: |  1  2  3  4  5  6  7  8  9 10 11 12 13 |
---------------+----------------------------------------+-----
Axes           | 3 4 5 6 8 10 11 12 15 18 20 | 20.8
Fighting       | 4 7 9 12 13 | 13.8
Armour         | 7 9 |  9.2
Shields        | |  3.2

Action                   |  1- 3 |  4- 6 |  7- 9 | 10-12 | 13-15 || total
-------------------------+-------+-------+-------+-------+-------++-------
Melee: War axe           |    10 |       |   135 |   455 |       ||   600
       Hand axe          |    67 |   165 |   250 |   132 |    87 ||   701
Throw: Dart              |       |       |       |       |     1 ||     1
Invok: Heroism           |       |       |       |     5 |     1 ||     6
  Use: Potion            |     1 |       |     3 |     4 |     1 ||     9
       Scroll            |       |       |     4 |     9 |     4 ||    17
 Stab: Invisible         |       |       |       |     5 |       ||     5
  Eat: Chunk             |       |     4 |    13 |    16 |     1 ||    34
       Ration            |       |       |       |     1 |       ||     1
Armor: Scale mail        |    53 |    64 |   109 |    71 |       ||   297
       Plate armour      |       |       |       |   168 |    45 ||   213
Dodge: Dodged            |    26 |    42 |    65 |   148 |    24 ||   305
Block: Shield            |    34 |    59 |   152 |   219 |    40 ||   504
